 Dungeon Crawl Stone Soup version 0.18.1-47-g9310371 (webtiles) character file.

104 shinobufag the Covered (level 4, -1/40 HPs)
             Began as a Minotaur Fighter on June 23, 2016.
             Slain by a water moccasin (2 damage)
             ... on level 3 of the Dungeon.
             The game lasted 00:10:08 (1825 turns).

shinobufag the Covered (Minotaur Fighter)           Turns: 1825, Time: 00:10:09

Health: -1/40      AC:  8    Str: 20 (21) XL:     4   Next: 52%
Magic:  3/3        EV:  8    Int:  4 (5)  God:
Gold:   126        SH:  9    Dex:  7 (10) Spells: 0 memorised, 3 levels left

rFire  . . .     SeeInvis .     a - +0 trident
rCold  . . .     Gourm    .     p - +1 ring mail
rNeg   . . .     Faith    .     c - +0 shield
rPois  .         Spirit   .     (helmet restricted)
rElec  .         Dismiss  .     (no cloak)
rCorr  .         Reflect  .     (no gloves)
SustAt .         Harm     .     i - +0 pair of boots
MR     .....                    (no amulet)
Stlth  ..........               (no ring)
                                (no ring)

@: lethally poisoned (-1 -> -6), not resistant to hostile enchantments,
extremely unstealthy
A: retaliatory headbutt, hooves 1, horns 2, wild magic 1
a: no special abilities


You were on level 3 of the Dungeon.
You were very full.

You visited 1 branch of the dungeon, and saw 4 of its levels.

You collected 126 gold pieces.

Inventory:

Hand Weapons
 a - a +0 trident (weapon)
 l - a +0 short sword of freezing
 y - a +0 short sword of flaming
Armour
 b - a +0 scale mail
 c - a +0 shield (worn)
 i - a +0 pair of boots (worn)
 m - a +2 helmet
 p - a +1 ring mail (worn)
Jewellery
 u - a cursed ring of loudness {unknown}
Scrolls
 g - 3 scrolls of identify
 k - 2 scrolls of remove curse
 n - a scroll of magic mapping
 x - a scroll of blinking {unknown}
Books
 v - a book of the Earth

   Spells                             Type                      Level
   a - Leda's Liquefaction            Hexes/Earth                  4
   b - Bolt of Magma                  Conjuration/Fire/Earth       5
   c - Statue Form                    Transmutation/Earth          6
   d - Iron Shot                      Conjuration/Earth            6
   e - Shatter                        Earth                        9
Comestibles
 f - a bread ration
 j - a beef jerky
 o - 2 meat rations
 s - a royal jelly


   Skills:
 + Level 4.2 Fighting
 + Level 3.1 Polearms
 + Level 4.6 Armour
 + Level 1.3 Dodging
 + Level 4.6 Shields


You had 3 spell levels left.
You didn't know any spells.

Dungeon Overview and Level Annotations

Branches:
Dungeon (4/15)
 Temple: D:4-7

Altars:
Fedhas


Innate Abilities, Weirdness & Mutations

You reflexively headbutt those who attack you in melee.
You have a pair of horns on your head.
You have large cloven feet.
Your spells are a little harder to cast, but a little more powerful.


Message History

You flicker back into view.
You feel a little less mighty now.
You feel a little less agile now.
The water moccasin bites you but does no damage.
You are too injured to fight recklessly!
The water moccasin bites you but does no damage.
The water moccasin bites you.
* * * LOW HITPOINT WARNING * * *
As you read the scroll labeled DICHIV NUTUMP, it crumbles to dust.
You feel momentarily disoriented.
It was a scroll of magic mapping.
The water moccasin bites you.
* * * LOW HITPOINT WARNING * * *
You are lethally poisoned!
The water moccasin poisons you!
As you read the scroll labeled AROAPP QUCROIL, it crumbles to dust.
The scroll dissolves into smoke.
It was a scroll of fog.
* * * LOW HITPOINT WARNING * * *
You feel sick.
The water moccasin barely misses you. x2
* * * LOW HITPOINT WARNING * * *
You feel sick. The water moccasin bites you.
You die...

#........................#....
####..........)....##########....
...#......#........##########....
...#......#........#........#....
...#......#.................#....
...#.#..........§#..........#####
...#...........§§#..........# #.
...#...........S§#..........# #.
...#....##.....§@§...##....## #.
...#....##.........####....# #.
........##.........####....# #.
........##.......##........# ##
......<....................######
.............#...................
####.........#...................
..##.........#.................>.
..##.........+...................


You could see a water moccasin.

Vanquished Creatures
  3 adders
  6 worms
  3 giant geckos
  An orc (D:3)
  A ball python (D:2)
  A giant cockroach (D:1)
  6 goblins
  5 hobgoblins
  8 jackals
  6 kobolds
  6 bats
  A giant newt (D:1)
  8 rats
55 creatures vanquished.

Notes
Turn   | Place    | Note
--------------------------------------------------------------
     0 | D:1      | shinobufag the Minotaur Fighter began the quest for the Orb.
     0 | D:1      | Reached XP level 1. HP: 19/19 MP: 0/0
    86 | D:1      | Reached XP level 2. HP: 23/27 MP: 1/1
   619 | D:2      | Reached XP level 3. HP: 33/33 MP: 2/2
   785 | D:2      | Reached skill level 1 in Dodging
   898 | D:2      | Reached XP level 4. HP: 40/40 MP: 3/3
  1563 | D:3      | Found a blossoming altar of Fedhas.
  1763 | D:4      | Noticed a water moccasin
  1816 | D:3      | Gained mutation: You have large cloven feet. [potion of mutation]
  1816 | D:3      | Gained mutation: Your spells are a little harder to cast, but a little more powerful. [potion of mutation]
  1824 | D:3      | HP: 2/40 [poisoned by a water moccasin]
  1825 | D:3      | Slain by a water moccasin

Skill      XL: |  1  2  3  4 |
---------------+-------------+-----
Armour         | 4 |  4.6
Shields        | 4 |  4.6
Dodging        | 1 |  1.3
Polearms       | 3 |  3.1
Fighting       | 4 |  4.2

Action                   |  1- 3 |  4- 6 || total
-------------------------+-------+-------++-------
Melee: Trident           |   110 |    55 ||   165
       Headbutt          |    12 |     9 ||    21
  Use: Scroll            |     5 |     2 ||     7
       Potion            |       |     9 ||     9
  Eat: Bread ration      |       |     2 ||     2
       Beef jerky        |       |     1 ||     1
Armor: Scale mail        |    23 |       ||    23
       Ring mail         |    14 |    17 ||    31
Dodge: Dodged            |    28 |    21 ||    49
Block: Shield            |    53 |    24 ||    77
